 Dungeon Crawl Stone Soup version 0.32-a0-361-g289a535e89 (webtiles) character file.

Game seed: 17768342836660517082

8946 LobsterGuardian the Jinx (level 11, -1/50 HPs)
             Began as a Vine Stalker Enchanter on Feb 19, 2024.
             Was a Priest of Yredelemnul.
             Succumbed to an orange demon's poison
             ... on level 9 of the Dungeon.
             The game lasted 00:32:53 (8655 turns).

LobsterGuardian the Jinx (Vine Stalker Enchanter)   Turns: 8655, Time: 00:32:53

Health: -1/50      AC:  9    Str:  9 (11) XL:     11   Next: 38%
Magic:  4/22       EV: 12    Int: 15      God:    Yredelemnul [***...]
Gold:   737        SH:  6    Dex: 19      Spells: 12/23 levels left

rFire   . . .        e - +3 dagger (vamp)
rCold   . . .        y - +1 buckler of the Sky {*Slow rElec Regen+ SInv}
rNeg    + . .        E - +0 leather armour {rN+}
rPois   .            (helmet restricted)
rElec   +            s - +0 cloak
rCorr   .            f - +0 pair of gloves
SInv    +            (no boots)
Will    +....        (no amulet)
Stlth   +++++        g - +4 ring of protection
HPRegen 1.88/turn    h - ring of flight
MPRegen 0.18/turn

%: random rage (3%), slow self (1%), guardian spirit
@: lethally poisoned (-1 -> -17), flying, very slightly contaminated, wreathed
by umbra
A: fangs 3, regeneration 1, magic shield, antimagic bite, no potion heal 2,
horns 1, berserk 1, deterioration 1
a: Renounce Religion, Light the Black Torch, Recall Undead Harvest, Hurl
Torchlight


You were on level 9 of the Dungeon.
You worshipped Yredelemnul.
Yredelemnul was noncommittal.
You visited 2 branches of the dungeon, and saw 11 of its levels.

You collected 737 gold pieces.

Inventory:

Hand Weapons
 e - a +3 vampiric dagger (weapon)
Missiles
 c - 2 throwing nets
Armour
 f - a +0 pair of gloves (worn)
 m - a +2 helmet
 s - a +0 cloak (worn)
 y - the +1 buckler of the Sky (worn) {*Slow rElec Regen+ SInv}
   (You found it on level 8 of the Dungeon)

   rElec:     It insulates you from electricity.
   SInv:      It lets you see invisible.
   Regen+:    It increases your rate of health regeneration.
   *Slow:     It may slow you when you take damage.
 E - a +0 leather armour of positive energy (worn)
Jewellery
 g - a +4 ring of protection (left hand)
 h - a ring of flight (right hand)
 A - a +5 ring of evasion
 B - a ring of wizardry
Wands
 j - a wand of paralysis (16)
 v - a wand of flame (19)
 G - a wand of iceblast (9)
Scrolls
 a - a scroll of vulnerability
 d - a scroll of fear {unknown}
 i - 2 scrolls of enchant weapon
 k - 3 scrolls of blinking
 l - 3 scrolls of teleportation {unknown}
 o - a scroll of noise {unknown}
 r - a scroll of enchant armour
 t - 4 scrolls of revelation
 w - a scroll of immolation
 x - 5 scrolls of poison
 F - a scroll of amnesia {unknown}
Potions
 p - a potion of cancellation
 q - 3 potions of might
 u - a potion of berserk rage
 z - 2 potions of curing
 C - a potion of attraction
 D - a potion of heal wounds


   Skills:
 + Level 2.2 Fighting
 + Level 4.0 Short Blades
 + Level 0.7 Armour
 + Level 3.8 Dodging
 - Level 8.0 Stealth
 * Level 3.1 Shields
 + Level 6.8 Spellcasting
 - Level 3.0 Conjurations
 * Level 9.4 Hexes
 * Level 6.5 Ice Magic
 * Level 6.1 Invocations


You had 12 spell levels left.
You knew the following spells:

 Your Spells              Type           Power      Damage    Failure   Level
a - Ensorcelled Hibernat  Hex/Ice        58%        N/A       1%          2
b - Confusing Touch       Hex            33%        N/A       1%          3
c - Tukima's Dance        Hex            33%        N/A       1%          3
d - Dazzling Flash        Conj/Hex       46%        N/A       6%          3

Your spell library contained the following spells:

 Spells                   Type           Power      Damage    Failure   Level
 Slow                     Hex            100%       N/A       1%          1
 Sigil of Binding         Hex            33%        N/A       1%          3
 Sting                    Conj/Alch      36%        1d5       16%         1
 Apportation              Tloc           10%        N/A       28%         1
 Necrotise                Necr           20%        1d5       28%         1
 Summon Small Mammal      Summ           20%        N/A       28%         1
 Vampiric Draining        Necr           5%         2d6       63%         3


Dungeon Overview and Level Annotations

Branches:
Dungeon (10/15)            Temple (1/1) D:4            Lair (0/5) D:9
    Orc: D:9-12

Altars:
Ashenzari
Cheibriados
Dithmenos
Elyvilon
Fedhas
Gozag
Hepliaklqana
Kikubaaqudgha
Makhleb
Nemelex Xobeh
Okawaru
Qazlal
Ru
Sif Muna
Trog
Uskayaw
Vehumet
Wu Jian
Xom
Yredelemnul
Zin
The Shining One

Shops:
D:6 ?


Innate Abilities, Weirdness & Mutations

You have razor-sharp teeth.
Your natural rate of healing is unusually fast.
When hurt, damage is shared between your health and your magic reserves.
Your bite disrupts and absorbs the magic of your enemies.
Potions cannot restore your health.
You have a pair of small horns on your head.
You sometimes lose your temper in combat.
Your body sometimes deteriorates upon taking damage.


Message History

You are lethally poisoned!
The orange demon poisons you! The orange demon barely misses you.
The kobold demonologist looks encouraged for a moment.
Your kobold brigand zombie misses the kobold demonologist.
Unknown command.
Unknown command.
Unknown command.
Casting: Ensorcelled Hibernation (safe; 1% risk of failure)
Confirm with . or Enter, or press ? or * to list all spells.
Aiming: Ensorcelled Hibernation (safe; 1% risk of failure)
Press: ? - help, Shift-Dir - straight line, f - red devil, p - kobold demonologist
Aim: a red devil, wielding a +0 trident (summoned, umbra, chance to affect: 25%)
Okay, then.
Blink to where?
Press: ? - help, Dir - move target, p - kobold demonologist
As you read the scroll labelled JEURPH ZOPLEASS, it crumbles to dust.
It was a scroll of blinking.
You feel extremely sick.
The red devil hits your kobold brigand zombie with a +0 trident!!
Your kobold brigand zombie is skewered by barbed spikes.
The kobold demonologist closely misses you.
The orange demon stings you from afar!
* * * LOW HITPOINT WARNING * * *
The kobold brigand hits you but does no damage.
The iron imp closely misses you.
Your kobold brigand zombie misses the kobold demonologist.
Unknown command.
Unknown command.
* * * LOW HITPOINT WARNING * * *
You feel extremely sick.
The red devil completely misses your kobold brigand zombie.
The kobold demonologist barely misses you.
The orange demon stings you from afar.
* * * LOW HITPOINT WARNING * * *
You block the iron imp's attack.
You fly upwards.
The orange demon disappears in a puff of smoke!
The iron imp disappears in a puff of smoke!
You die...
Your body rises from the dead as a mindless zombie.

..................#####..######
..................###......#..###
.#.................#...........#.
######..........#.............##.
.# ##..##.......##..........###..
####...###..###...#..............
#..#...###.####..................
Z..#....##.#.###.....#.##..#.....
#+##....##.#...K@...#####.......#
ZZZ#.....#...#.K##...#####.....##
ZZZ..##....Z.##..#.....###.......
#'##..#...Z#.##..##..........)...
+ZZ####....####..####..#.........
#).#.......###..## #............
####....##.......####..#...#.....
........##.....#...#...##.##..>..
...(....###...##..###.###.#......


You could see a kobold demonologist and a kobold brigand.

Vanquished Creatures
  A centaur warrior (D:8)
  A hydra (D:8)
  A meliai (D:8)
  A kobold demonologist (D:8)
  2 trolls (D:9)
  A wyvern (D:8)
  10 yaks
  5 orc warriors
  A sky beast (D:7)
  An ice beast (D:8)
  2 ogres
  A black bear (D:6)
  2 centaurs
  5 kobold brigands
  2 bullfrogs (D:8)
  2 scorpions
  A gnoll sergeant (D:5)
  A killer bee (D:8)
  5 howler monkeys
  An electric eel (D:8)
  3 jellies
  A bombardier beetle (D:5)
  2 hounds
  5 orc priests
  3 gnoll boudas
  Jessica (D:2)
  3 iguanas
  5 orc wizards
  7 adders
  13 gnolls
  A white imp (D:8)
  An ufetubus (D:5)
  4 ribbon worms (D:2)
  2 dart slugs
  18 orcs
  8 ball pythons
  5 endoplasms
  2 giant cockroaches
  7 goblins
  7 hobgoblins
  3 quokkas
  3 bats
  A frilled lizard (D:1)
  13 kobolds
  7 rats
171 creatures vanquished.

Vanquished Creatures (collateral kills)
  Jeremiah (D:7)
  A hornet (D:8)
  A yak (D:9)
  2 water moccasins (D:8)
  An orc warrior (D:6)
  A black bear (D:7)
  An ice beast (D:7)
  An ogre (D:5)
  A centaur (D:7)
  A phantom (D:5)
  A kobold brigand (D:8)
  A scorpion (D:4)
  2 bullfrogs
  3 howler monkeys
  An electric eel (D:8)
  2 orc priests (D:9)
  A hound (D:6)
  A jelly (D:7)
  An iguana (D:6)
  2 orc wizards
  4 gnolls (D:7)
  An adder (D:4)
  A white imp (D:8)
  An ufetubus (D:5)
  10 orcs
  10 kobolds
53 creatures vanquished.

Vanquished Creatures (others)
  A water moccasin zombie (D:8)
  A yak zombie (D:7)
  A howler monkey (D:7)
  A centaur zombie (D:7)
  3 howler monkey zombies
  A jelly zombie (D:7)
  9 gnoll zombies
  5 kobold zombies
  10 orc zombies
32 creatures vanquished.

Grand Total: 256 creatures vanquished

Notes
Turn   | Place    | Note
-------+----------+-------------------------------------------
     0 | D:1      | LobsterGuardian the Vine Stalker Enchanter began the quest
                  | for the Orb.
     0 | D:1      | Reached XP level 1. HP: 9/9 MP: 4/4
    52 | D:1      | Reached XP level 2. HP: 7/13 MP: 3/6
   126 | D:1      | Reached XP level 3. HP: 17/17 MP: 4/7
   194 | D:1      | Learned a level 2 spell: Ensorcelled Hibernation
   211 | D:1      | Learned a level 3 spell: Confusing Touch
   663 | D:2      | Noticed Jessica
   673 | D:2      | Killed Jessica
   674 | D:2      | Reached skill level 1 in Short Blades
   674 | D:2      | Reached skill level 4 in Hexes
   674 | D:2      | Reached XP level 4. HP: 21/21 MP: 6/8
  1241 | D:2      | Reached XP level 5. HP: 25/25 MP: 4/9
  1961 | D:3      | Reached skill level 5 in Stealth
  2187 | D:4      | Found a staircase to the Ecumenical Temple.
  2201 | Temple   | Entered the Ecumenical Temple
  2286 | Temple   | Became a worshipper of Yredelemnul the Fallen
  2435 | D:4      | Reached XP level 6. HP: 27/29 MP: 8/10
  2439 | D:4      | Reached skill level 1 in Ice Magic
  2441 | D:4      | Reached skill level 1 in Fighting
  2448 | D:4      | Reached skill level 1 in Invocations
  2664 | D:4      | Reached XP level 7. HP: 10/33 MP: 0/12
  2773 | D:4      | Identified the +6 spear of Weugairch {drain, Will++}
  2891 | D:4      | Reached skill level 5 in Hexes
  3189 | D:5      | Entered Level 5 of the Dungeon
  3279 | D:5      | Gained mutation: You have razor-sharp teeth. [Vine Stalker
                  | growth]
  3279 | D:5      | Reached XP level 8. HP: 37/37 MP: 9/14
  3304 | D:5      | Reached * piety under Yredelemnul
  3563 | D:5      | Learned a level 3 spell: Tukima's Dance
  3567 | D:5      | Learned a level 3 spell: Dazzling Flash
  3718 | D:5      | Identified the +7 short sword of Gloom {pain, Int+7 Dex-4
                  | SInv}
  4086 | D:5      | Reached skill level 1 in Conjurations
  4506 | D:6      | Reached skill level 6 in Hexes
  4522 | D:6      | Reached XP level 9. HP: 35/42 MP: 11/16
  4764 | D:6      | Found Ribil's Magic Scroll Shop.
  5050 | D:7      | Noticed Jeremiah
  5052 | D:7      | HP: 2/42 [gnoll/+0 spear[a gnoll bouda] (3)]
  5370 | D:7      | Reached skill level 5 in Spellcasting
  5436 | D:7      | Gained mutation: Your body sometimes deteriorates upon
                  | taking damage. [potion of mutation]
  5436 | D:7      | Gained mutation: You sometimes lose your temper in combat.
                  | [potion of mutation]
  5436 | D:7      | Gained mutation: You have a pair of small horns on your
                  | head. [potion of mutation]
  5450 | D:7      | Killed Jeremiah
  5451 | D:7      | Reached skill level 7 in Hexes
  5629 | D:7      | Reached XP level 10. HP: 26/46 MP: 4/19
  5643 | D:7      | Reached skill level 5 in Ice Magic
  6203 | D:8      | Reached skill level 8 in Hexes
  6318 | D:8      | Identified the +1 buckler of the Sky {*Slow rElec Regen+
                  | SInv}
  6433 | D:8      | Reached ** piety under Yredelemnul
  6436 | D:8      | Reached skill level 5 in Invocations
  6465 | D:8      | Found a radiant altar of Vehumet.
  6498 | D:8      | Noticed a centaur warrior
  6505 | D:8      | Killed a centaur warrior
  6506 | D:8      | Reached skill level 1 in Shields
  7192 | D:8      | Found a stormy altar of Qazlal.
  7386 | D:8      | Noticed a meliai
  7391 | D:8      | Killed a meliai
  7524 | D:8      | Noticed a four-headed hydra
  7527 | D:8      | Noticed a kobold demonologist
  7537 | D:8      | Killed a four-headed hydra
  7538 | D:8      | Reached skill level 9 in Hexes
  7538 | D:8      | Reached XP level 11. HP: 50/50 MP: 5/21
  8104 | D:9      | Reached *** piety under Yredelemnul
  8352 | D:9      | Found a staircase to the Lair.
  8628 | D:10     | Entered Level 10 of the Dungeon
  8655 | D:9      | Succumbed to an orange demon's poison

Illustrated notes

Levels and vault maps discovered:
D:1:      psy_arrival_basics, layout_rooms, kennysheep_another_room,
          minmay_indecisive_spiral
D:2:      layout_basic, minmay_shallow_snake_nest, uniq_jessica
D:3:      layout_basic
D:4:      layout_loops_ring, minmay_temple_entry_tees
D:5:      layout_layer_cave, minmay_checkerbox
D:6:      layout_rooms, serial_shops, nicolae_shop_trees
D:7:      layout_basic, uniq_jeremiah
D:8:      minmay_chambers_of_sevens, layout_layer_cave, nicolae_overflow_squiral
D:9:      layout_cave_pools, lair_entry_dummy, minivault_10
D:10:     layout_loops_ring, serial_demonic, serial_demonic_f, serial_demonic_e,
          serial_demonic_d, serial_demonic_g, serial_demonic_a, serial_demonic_b
Temple:   mainiacjoe_temple_cubbyholes

Skill      XL: |  1  2  3  4  5  6  7  8  9 10 11 |
---------------+----------------------------------+-----
Stealth        | 4 5 6 7 8 |  8.0
Short Blades   | 1 2 3 4 |  4.0
Hexes          | 4 5 6 7 9 |  9.4
Dodging        | 2 3 |  3.8
Ice Magic      | 1 2 3 4 6 |  6.5
Fighting       | 1 2 |  2.2
Invocations    | 1 2 3 4 5 6 |  6.1
Spellcasting   | 3 4 5 6 |  6.8
Conjurations   | 1 3 |  3.0
Shields        | 2 3 |  3.1
Armour         | |  0.7

Action                     |  1- 3 |  4- 6 |  7- 9 | 10-12 || total
---------------------------+-------+-------+-------+-------++-------
  Melee: Dagger            |    52 |   127 |   149 |   116 ||   444
         Bite              |    15 |    35 |    61 |    30 ||   141
         Short sword       |       |       |    11 |       ||    11
         Headbutt          |       |       |     2 |    25 ||    27
   Cast: Ensorcelled Hiber |     4 |    54 |    74 |    49 ||   181
         Confusing Touch   |       |       |     4 |     2 ||     6
         Dazzling Flash    |       |       |     9 |    11 ||    20
         Tukima's Dance    |       |       |     1 |     1 ||     2
 Invoke: Light the Black T |       |     1 |     3 |     2 ||     6
  Evoke: Wand              |       |       |    10 |       ||    10
    Use: Scroll            |     1 |     2 |     5 |     7 ||    15
         Potion            |       |     1 |     9 |     1 ||    11
   Stab: Sleeping          |     1 |    34 |    32 |    23 ||    90
         Distracted        |       |       |     2 |     3 ||     5
         Invisible         |       |       |     1 |     8 ||     9
 Armour: Robe              |    29 |    86 |   161 |    51 ||   327
         Skin              |       |       |    11 |       ||    11
         Leather armour    |       |       |       |    75 ||    75
  Dodge: Dodged            |    48 |   105 |   203 |   120 ||   476
  Block: Buckler           |       |       |       |    54 ||    54

Table legend: (Time is in decaauts)
 A = Elapsed time spent in this place.
 B = Non-inter-level travel time spent in this place.
 C = Inter-level travel time spent in this place.
 D = Time resting spent in this place.
 E = Time spent auto-exploring this place.
 F = Levels seen in this place.
 G = Mean time per level.
                   A        B        C        D        E       F      G
               +--------+--------+--------+--------+--------+-----+--------+
         Total |   8641 |   8236 |    405 |    264 |   6519 |  11 |  785.5 |
       Dungeon |   8525 |   8181 |    344 |    264 |   6468 |  10 |  852.5 |
        Temple |    115 |     54 |     61 |      0 |     51 |   1 |  115.0 |
               +--------+--------+--------+--------+--------+-----+--------+

Top non-repeatable levels by time:
     D:8: 1810 daAuts
     D:5: 1251 daAuts
     D:7: 904 daAuts
     D:4: 886 daAuts
     D:2: 790 daAuts
     D:9: 755 daAuts
     D:3: 744 daAuts
     D:6: 717 daAuts
     D:1: 638 daAuts
  Temple: 115 daAuts
    D:10: 26 daAuts
